R+ - U24
BLUEFIELD BLUE JAYS @ PULASKI YANKEES
07/16/2053
 
TOP OF THE 1ST
Raleigh Cubs batting - Pitching for Kingsport Mets : RHP Winston Elizarraras
Pitching: RHP Winston Elizarraras
Batting: RHB Daxton Sanchez 0-0: Called Strike
0-1: Ball
1-1: Foul Ball, location: 2F
1-2: Fly out, F8 (Line Drive, 8LM, EV 106.2 MPH)
Batting: LHB Nicky Rodriguez 0-0: Fly out, F9 (Line Drive, 9D, EV 92.5 MPH)
Batting: RHB Augie Cohen 0-0: Ball
1-0: Swinging Strike
1-1: Fly out, F8 (Line Drive, 8RD, EV 93.8 MPH)
Top of the 1st over - 0 runs, 0 hits, 0 errors, 0 left on base; Raleigh 0 - Kingsport 0
BOTTOM OF THE 1ST
Kingsport Mets batting - Pitching for Raleigh Cubs : RHP Jeremiah Swope
Pitching: RHP Jeremiah Swope
Batting: RHB Aurélio Aquino 0-0: Ball
1-0: Foul Ball, location: 2F
1-1: Fly out, F9 (Flyball, 9S, EV 88.1 MPH)
Batting: LHB Charles Furtado 0-0: Ball
1-0: Swinging Strike
1-1: Foul Ball, location: 2F
1-2: Strikes out swinging
Batting: LHB Peyton McGill 0-0: Fly out, F7 (Flyball, 7S, EV 92.5 MPH)
Bottom of the 1st over - 0 runs, 0 hits, 0 errors, 0 left on base; Raleigh 0 - Kingsport 0
TOP OF THE 2ND
Raleigh Cubs batting - Pitching for Kingsport Mets : RHP Winston Elizarraras
Batting: RHB Peter Crance 0-0: Foul Ball, location: 2F
0-1: Ball
1-1: Swinging Strike
1-2: Ball
2-2: Ball
3-2: SINGLE (Groundball, 6M, EV 101.2 MPH)
Batting: LHB Diego García 0-0: Called Strike
0-1: Foul Ball, location: 2F
0-2: Strikes out looking
Batting: RHB Myles Young 0-0: Fielders Choice at 2nd, 6-4 (Groundball, 6, EV 85.6 MPH)
Batting: RHB Oscar Rodríguez 0-0: Fly out, F3 (Flyball, 3D, EV 88.8 MPH)
Top of the 2nd over - 0 runs, 1 hit, 0 errors, 1 left on base; Raleigh 0 - Kingsport 0
BOTTOM OF THE 2ND
Kingsport Mets batting - Pitching for Raleigh Cubs : RHP Jeremiah Swope
Batting: RHB Isaac Shell 0-0: Called Strike
0-1: Foul Ball, location: 2F
0-2: Ball
1-2: Foul Ball, location: 2F
1-2: Strikes out swinging
Batting: LHB Lucas Suttman 0-0: Ball
1-0: Foul Ball, location: 2F
1-1: Ball
2-1: Foul Ball, location: 2F
2-2: Ball
3-2: SINGLE (Line Drive, 56, EV 100.0 MPH)
Batting: SHB Dexter Gonzales 0-0: Called Strike
0-1: Ball
1-1: Swinging Strike
1-2: Strikes out looking
Batting: RHB Dan Meadows 0-0: SINGLE (Groundball, 13S, EV 63.8 MPH) (infield hit)
Lucas Suttman to second
Batting: RHB Cam Bryant 0-0: Foul Ball, location: 2F
0-1: Ball
1-1: Ball
2-1: Ball
3-1: Called Strike
3-2: Strikes out swinging
Bottom of the 2nd over - 0 runs, 2 hits, 0 errors, 2 left on base; Raleigh 0 - Kingsport 0
TOP OF THE 3RD
Raleigh Cubs batting - Pitching for Kingsport Mets : RHP Winston Elizarraras
Batting: RHB Leo Perez 0-0: Ball
1-0: Fly out, F3 (Popup, 3SF, EV 85.0 MPH)
Batting: RHB Janks Kornhaus 0-0: Called Strike
0-1: Foul Ball, location: 2F
0-2: Ground out 6-3 (Groundball, 6, EV 82.5 MPH)
Batting: RHB Daxton Sanchez 0-0: Ball
1-0: Foul Ball, location: 2F
1-1: Foul Ball, location: 2F
1-2: Ball
2-2: Ball
3-2: Fly out, F7 (Flyball, 78S, EV 85.0 MPH)
Top of the 3rd over - 0 runs, 0 hits, 0 errors, 0 left on base; Raleigh 0 - Kingsport 0
BOTTOM OF THE 3RD
Kingsport Mets batting - Pitching for Raleigh Cubs : RHP Jeremiah Swope
Batting: RHB Jaden Chapman 0-0: Ball
1-0: Ball
2-0: Called Strike
2-1: Ball
3-1: Foul Ball, location: 2F
3-2: Fly out, F2 (Popup, 23F, EV 82.5 MPH)
Batting: RHB Aurélio Aquino 0-0: Ball
1-0: Fly out, F7 (Flyball, 7LM, EV 90.6 MPH)
Batting: LHB Charles Furtado 0-0: Ball
1-0: Called Strike
1-1: Called Strike
1-2: Strikes out looking
Bottom of the 3rd over - 0 runs, 0 hits, 0 errors, 0 left on base; Raleigh 0 - Kingsport 0
TOP OF THE 4TH
Raleigh Cubs batting - Pitching for Kingsport Mets : RHP Winston Elizarraras
Batting: LHB Nicky Rodriguez 0-0: Ball
1-0: Ball
2-0: Called Strike
2-1: Called Strike
2-2: Ground out 3-1 (Groundball, 13, EV 81.2 MPH)
Batting: RHB Augie Cohen 0-0: Foul Ball, location: 2F
0-1: Reached on error, E6 (Groundball, 6, EV 90.0 MPH)
Batting: RHB Peter Crance 0-0: Ball
1-0: Ball
2-0: Ball
3-0: Called Strike
3-1: Fly out, F4 (Flyball, 4D, EV 80.6 MPH)
Batting: LHB Diego García 0-0: Foul Ball, location: 2F
0-1: Called Strike
0-2: Ball
1-2: Ball
2-2: Fielders Choice at 2nd, 6-4 (Groundball, 6, EV 75.6 MPH)
Top of the 4th over - 0 runs, 0 hits, 1 error, 1 left on base; Raleigh 0 - Kingsport 0
BOTTOM OF THE 4TH
Kingsport Mets batting - Pitching for Raleigh Cubs : RHP Jeremiah Swope
Batting: LHB Peyton McGill 0-0: Called Strike
0-1: Ball
1-1: Called Strike
1-2: Strikes out looking
Batting: RHB Isaac Shell 0-0: Ball
1-0: Ball
2-0: Ball
3-0: Called Strike
3-1: Base on Balls
Batting: LHB Lucas Suttman 0-0: SINGLE (Line Drive, 8RS, EV 100.6 MPH)
Isaac Shell to second
Batting: SHB Dexter Gonzales 0-0: Foul Ball, location: 2F
0-1: Ball
1-1: Foul Ball, location: 2F
1-2: Ball
2-2: DOUBLE (Line Drive, 7LM, EV 109.4 MPH)
Isaac Shell scores
Lucas Suttman to third
Runner from 3rd tries for Home, SAFE, throw by LF to trailing runner, SAFE at third!
Batting: RHB Dan Meadows 0-0: Ball
1-0: DOUBLE (Flyball, 78D, EV 100.0 MPH)
Dexter Gonzales scores
Batting: RHB Cam Bryant 0-0: Ground out 4-3 (Groundball, 34, EV 105.6 MPH)
Dan Meadows to third
Batting: RHB Jaden Chapman 0-0: Called Strike
0-1: Fly out, F7 (Line Drive, 7, EV 90.6 MPH)
Bottom of the 4th over - 3 runs, 3 hits, 0 errors, 1 left on base; Raleigh 0 - Kingsport 3
TOP OF THE 5TH
Raleigh Cubs batting - Pitching for Kingsport Mets : RHP Winston Elizarraras
Batting: RHB Myles Young 0-0: Ball
1-0: Called Strike
1-1: Foul Ball, location: 2F
1-2: Ball
2-2: Foul Ball, location: 2F
2-2: Ground out U3 (Groundball, 3, EV 88.1 MPH)
Batting: RHB Oscar Rodríguez 0-0: Ball
1-0: Ball
2-0: Ball
3-0: Called Strike
3-1: Fly out, F2 (Popup, 5SF, EV 89.4 MPH)
Batting: RHB Leo Perez 0-0: Ball
1-0: Foul Ball, location: 2F
1-1: Foul Ball, location: 2F
1-2: Ball
2-2: Foul Ball, location: 2F
2-2: Foul Ball, location: 2F
2-2: Ground out 1-3 (Groundball, 15S, EV 68.8 MPH)
Top of the 5th over - 0 runs, 0 hits, 0 errors, 0 left on base; Raleigh 0 - Kingsport 3
BOTTOM OF THE 5TH
Kingsport Mets batting - Pitching for Raleigh Cubs : RHP Jeremiah Swope
Batting: RHB Aurélio Aquino 0-0: Called Strike
0-1: Fly out, F7 (Flyball, 78D, EV 103.8 MPH)
Batting: LHB Charles Furtado 0-0: Ball
1-0: Ball
2-0: Foul Ball, location: 2F
2-1: Ball
3-1: Foul Ball, location: 2F
3-2: Foul Ball, location: 2F
3-2: Foul Ball, location: 2F
3-2: Fly out, F6 (Line Drive, 6, EV 63.1 MPH)
Batting: LHB Peyton McGill 0-0: Called Strike
0-1: Called Strike
0-2: Ground out U3 (Groundball, 3L, EV 89.4 MPH)
Bottom of the 5th over - 0 runs, 0 hits, 0 errors, 0 left on base; Raleigh 0 - Kingsport 3
TOP OF THE 6TH
Raleigh Cubs batting - Pitching for Kingsport Mets : RHP Winston Elizarraras
Batting: RHB Janks Kornhaus 0-0: Called Strike
0-1: Ball
1-1: Foul Ball, location: 2F
1-2: Ball
2-2: Foul Ball, location: 2F
2-2: Foul Ball, location: 2F
2-2: Foul Ball, location: 2F
2-2: Foul Ball, location: 2F
2-2: SINGLE (Line Drive, 78S, EV 103.1 MPH)
Batting: RHB Daxton Sanchez 0-0: Ball
1-0: Foul Ball, location: 2F
1-1: Foul Ball, location: 2F
1-2: Ball
2-2: Foul Ball, location: 2F
2-2: Ball
3-2: Foul Ball, location: 2F
3-2: Foul Ball, location: 2F
3-2: Foul Ball, location: 2F
3-2: DOUBLE (Flyball, 89D, EV 101.9 MPH)
Janks Kornhaus to third
Pitching: LHP Merrill Cook
Pinch Runner at 2nd Mathew Tate:
Batting: LHB Nicky Rodriguez 0-0: Called Strike
0-1: Ball
1-1: Fly out, F5 (Popup, 25F, EV 78.8 MPH)
Batting: RHB Augie Cohen 0-0: Called Strike
0-1: Swinging Strike
0-2: Ball
1-2: Fly out, F4 (Popup, 4MD, EV 55.0 MPH)
Batting: RHB Peter Crance 0-0: Called Strike
0-1: Ball
1-1: Ball
2-1: Foul Ball, location: 2F
2-2: Ball
3-2: Fly out, F6 (Popup, 15, EV 85.0 MPH)
Top of the 6th over - 0 runs, 2 hits, 0 errors, 2 left on base; Raleigh 0 - Kingsport 3
BOTTOM OF THE 6TH
Kingsport Mets batting - Pitching for Raleigh Cubs : RHP Jeremiah Swope
Now at SS: Travis Armbrust
Batting: RHB Isaac Shell 0-0: Fly out, F7 (Flyball, 78M, EV 83.8 MPH)
Batting: LHB Lucas Suttman 0-0: Fly out, F5 (Popup, 5, EV 68.1 MPH)
Batting: SHB Dexter Gonzales 0-0: Ball
1-0: Called Strike
1-1: Swinging Strike
1-2: Ground out 6-3 (Groundball, 6, EV 87.5 MPH)
Bottom of the 6th over - 0 runs, 0 hits, 0 errors, 0 left on base; Raleigh 0 - Kingsport 3
TOP OF THE 7TH
Raleigh Cubs batting - Pitching for Kingsport Mets : LHP Merrill Cook
Batting: LHB Diego García 0-0: Ball
1-0: Ball
2-0: Ball
3-0: Called Strike
3-1: Base on Balls
Batting: RHB Myles Young 0-0: Ball
1-0: Ball
2-0: Called Strike
2-1: Foul Ball, location: 2F
2-2: Strikes out swinging
Batting: RHB Oscar Rodríguez 0-0: SINGLE (Line Drive, 78S, EV 97.5 MPH)
Diego García to second
Batting: RHB Leo Perez 0-0: Ball
1-0: Ball
2-0: Called Strike
2-1: Foul Ball, location: 2F
2-2: Fielders Choice at 2nd, 1-6 (Groundball, 13S, EV 76.9 MPH)
Diego García to third
Batting: RHB Janks Kornhaus 0-0: Foul Ball, location: 2F
0-1: DOUBLE (Flyball, 78D, EV 98.1 MPH)
Diego García scores
Leo Perez to third
Pitching: RHP Jim Garcia
Batting: RHB Travis Armbrust 0-0: Ball
1-0: Fly out, F8 (Flyball, 8LM, EV 89.4 MPH)
Top of the 7th over - 1 run, 2 hits, 0 errors, 2 left on base; Raleigh 1 - Kingsport 3
BOTTOM OF THE 7TH
Kingsport Mets batting - Pitching for Raleigh Cubs : RHP Jeremiah Swope
Batting: RHB Dan Meadows 0-0: Called Strike
0-1: Swinging Strike
0-2: Fly out, F7 (Flyball, 7D, EV 105.6 MPH)
Batting: RHB Cam Bryant 0-0: Ball
1-0: Foul Ball, location: 2F
1-1: Ball
2-1: Foul Ball, location: 2F
2-2: Strikes out swinging
Batting: RHB Jaden Chapman 0-0: Called Strike
0-1: Ball
1-1: Ball
2-1: Ball
3-1: Called Strike
3-2: Base on Balls
Batting: RHB Aurélio Aquino 0-0: Ball
1-0: Reached on error, E6 (Groundball, 6, EV 109.4 MPH)
Jaden Chapman to second
Batting: LHB Charles Furtado 0-0: Called Strike
0-1: Called Strike
0-2: Ball
1-2: Foul Ball, location: 2F
1-2: Ball
2-2: Ground out U3 (Groundball, 3, EV 110.0 MPH)
Bottom of the 7th over - 0 runs, 0 hits, 1 error, 2 left on base; Raleigh 1 - Kingsport 3
TOP OF THE 8TH
Raleigh Cubs batting - Pitching for Kingsport Mets : RHP Jim Garcia
Batting: LHB Nicky Rodriguez 0-0: Ball
1-0: Called Strike
1-1: Ground out U3 (Groundball, 3, EV 86.9 MPH)
Batting: RHB Augie Cohen 0-0: SOLO HOME RUN (Flyball, 78XD, EV 106.9 MPH), Distance : 424 ft
Batting: RHB Peter Crance 0-0: Ball
1-0: Ball
2-0: Ball
3-0: Called Strike
3-1: Base on Balls
Pitching: RHP Alex Neitzelt
Batting: LHB Diego García 0-0: Ball
1-0: Foul Ball, location: 2F
1-1: SINGLE (Groundball, 6D, EV 95.0 MPH)
Peter Crance to second
Batting: RHB Myles Young 0-0: Ball
1-0: 3-RUN HOME RUN (Flyball, 7LD, EV 92.5 MPH), Distance : 338 ft
Batting: RHB Oscar Rodríguez 0-0: Fly out, F7 (Flyball, 7D, EV 93.1 MPH)
Batting: RHB Leo Perez 0-0: Called Strike
0-1: Swinging Strike
0-2: Fly out, F3 (Popup, 3SF, EV 64.4 MPH)
Top of the 8th over - 4 runs, 3 hits, 0 errors, 0 left on base; Raleigh 5 - Kingsport 3
BOTTOM OF THE 8TH
Kingsport Mets batting - Pitching for Raleigh Cubs : RHP Jeremiah Swope
Pitching: LHP Ian Watts
Batting: LHB Peyton McGill 0-0: Ball
1-0: Called Strike
1-1: Ball
2-1: Called Strike
2-2: Ball
3-2: DOUBLE (Line Drive, 78XD, EV 108.8 MPH)
Batting: RHB Isaac Shell 0-0: Called Strike
0-1: Ground out 6-3 (Groundball, 6, EV 88.1 MPH)
Batting: LHB Lucas Suttman 0-0: Ball
1-0: Called Strike
1-1: Called Strike
1-2: Strikes out swinging
Batting: SHB Dexter Gonzales 0-0: Ball
1-0: Ball
2-0: Ball
3-0: Called Strike
3-1: Ground out 4-3 (Groundball, 4, EV 96.2 MPH)
Bottom of the 8th over - 0 runs, 1 hit, 0 errors, 1 left on base; Raleigh 5 - Kingsport 3
TOP OF THE 9TH
Raleigh Cubs batting - Pitching for Kingsport Mets : RHP Alex Neitzelt
Batting: RHB Janks Kornhaus 0-0: Ball
1-0: Reached on error, E5 (Groundball, 56S, EV 70.6 MPH)
Batting: RHB Travis Armbrust 0-0: Ball
1-0: Fly out, F3 (Popup, 34S, EV 71.2 MPH)
Batting: LHB Nicky Rodriguez 0-0: Ball
1-0: Ball
2-0: Ball
3-0: Called Strike
3-1: Swinging Strike
3-2: Fly out, F9 (Line Drive, 9D, EV 101.2 MPH)
Batting: RHB Augie Cohen 0-0: Foul Ball, location: 2F
0-1: Called Strike
0-2: Ball
1-2: Foul Ball, location: 2F
1-2: Foul Ball, location: 2F
1-2: Foul Ball, location: 2F
1-2: Fly out, F7 (Flyball, 7S, EV 86.9 MPH)
Top of the 9th over - 0 runs, 0 hits, 1 error, 1 left on base; Raleigh 5 - Kingsport 3
BOTTOM OF THE 9TH
Kingsport Mets batting - Pitching for Raleigh Cubs : LHP Ian Watts
Pitching: LHP Jack Gross
Now in LF: Janks Kornhaus
Now in CF: Rider Landivar
Batting: RHB Dan Meadows 0-0: Called Strike
0-1: Swinging Strike
0-2: Strikes out swinging
Batting: RHB Cam Bryant 0-0: SINGLE (Line Drive, 7LM, EV 102.5 MPH)
Batting: RHB Jaden Chapman 0-0: Ball
1-0: Ball
2-0: Called Strike
2-1: Foul Ball, location: 2F
2-2: Foul Ball, location: 2F
2-2: Fly out, F3 (Popup, 3L, EV 80.0 MPH)
Batting: RHB Aurélio Aquino 0-0: Swinging Strike
0-1: Ball
1-1: Ball
Wild Pitch!
Cam Bryant to second
2-1: Foul Ball, location: 2F
2-2: Strikes out swinging
Bottom of the 9th over - 0 runs, 1 hit, 0 errors, 1 left on base; Raleigh 5 - Kingsport 3
Sunday, June 2nd , 2024 - OOTP Baseball 25.5 Build 67